 Dungeon Crawl Stone Soup version 0.23.2-1-ga50397a6bc (webtiles) character file.

Game seed: 18090270622567213543

5 LambAmis the Caller (level 1, -1/10 HPs)
             Began as a Gargoyle Summoner on May 19, 2019.
             Slain by a leopard gecko (3 damage)
             ... on level 1 of the Dungeon.
             The game lasted 00:04:00 (573 turns).

LambAmis the Caller (Gargoyle Summoner)              Turns: 573, Time: 00:04:01

Health: -1/10      AC:  7    Str: 11    XL:     1   Next: 80%
Magic:  2/3        EV: 10    Int: 15    God:
Gold:   29         SH:  0    Dex: 10    Spells: 3/4 levels left

rFire    . . .     SeeInvis .   d - +0 club
rCold    . . .     Gourm    .   (no shield)
rNeg     + . .     Faith    .   g - +0 ring mail
rPois    ∞         Spirit   .   (no helmet)
rElec    +         Reflect  .   (no cloak)
rCorr    .         Harm     .   (no gloves)
MR       .....                  (no boots)
Stlth    +.........             (no amulet)
HPRegen  0.03/turn              (no ring)
MPRegen  0.08/turn              (no ring)

@: no status effects
A: negative energy resistance 1, electricity resistance, unbreathing,
petrification resistance, rot immunity, AC +2
a: no special abilities


You were on level 1 of the Dungeon.
You were not hungry.

You visited 1 branch of the dungeon, and saw 1 of its levels.

You collected 29 gold pieces.

Inventory:

Hand Weapons
 d - a +0 club (weapon)
 e - a +0 dagger
Missiles
 b - 30 sling bullets (quivered)
Armour
 a - a +0 robe
 g - a +0 ring mail (worn)
Comestibles
 c - 3 rations
 f - 2 chunks of flesh


   Skills:
 + Level 1.6 Dodging
 + Level 2.1 Stealth
 + Level 2.0 Spellcasting
 + Level 3.9 Summonings


You had 3 spell levels left.
You knew the following spells:

 Your Spells              Type           Power        Failure   Level  Hunger
a - Summon Small Mammal   Summ           ##..         11%         1    #......

Your spell library contained the following spells:

 Spells                   Type           Power        Failure   Level  Hunger
 Call Imp                 Summ           ##......     17%         2    ###....
 Call Canine Familiar     Summ           ##......     32%         3    ###....
 Summon Guardian Golem    Hex/Summ       #.......     58%         3    ###....
 Summon Ice Beast         Ice/Summ       #.......     94%         4    #####..
 Summon Lightning Spire   Summ/Air       #.......     94%         4    #####..


Dungeon Overview and Level Annotations

Branches:
Dungeon (1/15)

Altars:


Innate Abilities, Weirdness & Mutations

You are resistant to torment.
Your stone body is resilient. (AC +2)
You are immune to poison.
You resist negative energy. (rN+)
You are resistant to electric shocks. (rElec)
You can survive without breathing.
You are immune to petrification.
You are immune to rotting.


Message History

The leopard gecko is almost dead.
The leopard gecko closely misses you. The leopard gecko closely misses you.
Casting: Summon Small Mammal (safe; 11% risk of failure)
Confirm with . or Enter, or press ? or * to list all spells.
The leopard gecko bites you but does no damage. x2
Your bat closely misses the leopard gecko.
Your bat hits the leopard gecko but does no damage.
The leopard gecko misses you.
Your bat barely misses the leopard gecko.
Your bat closely misses the leopard gecko.
The leopard gecko bites you.
* * * LOW HITPOINT WARNING * * *
Your bat hits the leopard gecko but does no damage.
Found 2 scrolls of remove curse.
Your bat hits the leopard gecko but does no damage.
Your bat closely misses the leopard gecko.
Your bat closely misses the leopard gecko.
The leopard gecko bites you.
You die...

##################
#.................
#.################
#.# ####@###
#...l..# ###
#######...b..# #..
#.....#......#
##...#
##.....#......######
.....#
+...................
.......
##.....####.........
...... ..)......
#####...## ......
...##..... ...#
......


You could see a leopard gecko and a friendly bat.

Vanquished Creatures
  A hobgoblin (D:1)
  A bat (D:1)
  A frilled lizard (D:1)
  3 rats (D:1)
6 creatures vanquished.

Vanquished Creatures (collateral kills)
  2 goblins (D:1)
2 creatures vanquished.

Grand Total: 8 creatures vanquished

Notes
Turn   | Place    | Note
-------+----------+-------------------------------------------
     0 | D:1      | LambAmis the Gargoyle Summoner began the quest for the Orb.
     0 | D:1      | Reached XP level 1. HP: 10/10 MP: 3/3
   573 | D:1      | Slain by a leopard gecko

Action                   || total
-------------------------++-------
Melee: Club              ||    22
       Unarmed           ||     7
 Cast: Summon Small Mamm ||     8
  Use: Scroll            ||     2
Armor: Ring mail         ||    18
Dodge: Dodged            ||    20
